 Dungeon Crawl Stone Soup version 0.30-a0-840-ga523dec638 (webtiles) character file.

Game seed: 7180141205829471792

2991 Pimp the Protected (level 9, -4/71 (80) HPs)
             Began as an Armataur Fighter on Mar 1, 2023.
             Slain by a wight
             ... wielding a +2 flail of freezing
              (9 damage)
             ... on level 7 of the Dungeon.
             The game lasted 00:16:23 (7978 turns).

Pimp the Protected (Armataur Fighter)               Turns: 7978, Time: 00:16:23

HP:   -4/71 (80)    AC: 14    Str: 24      XL:     9   Next: 54%
MP:   9/9           EV:  5    Int:  4 (6)  God:
Gold: 297           SH:  5    Dex: 12      Spells: 8/8 levels left

rFire   + . .      SeeInvis .    a - +1 long sword
rCold   + + .      Faith    .    c - +0 buckler
rNeg    . . .      Spirit   .    t - +0 plate armour
rPois   .          Reflect  .    l - +0 hat
rElec   .          Harm     .    i - +0 cloak
rCorr   .          Roll     +    x - +0 pair of gloves
Will    .....                    (no barding) Stlth
                                 f - amulet of the acrobat
HPRegen 0.31/turn                s - ring of protection from cold
MPRegen 0.11/turn                y - ring of protection from fire

@: heavily drained
A: large, rugged brown scales 3, deformed body, armoured tail, roll, long
tongue, awkward tongue, hooves 1, cold resistance 1, dopey 1, noise suppression
a: no special abilities


You were on level 7 of the Dungeon.
You visited 1 branch of the dungeon, and saw 7 of its levels.

You collected 297 gold pieces.

Inventory:

Hand Weapons
 a - a +1 long sword (weapon)
 g - a +4 dagger
Missiles
 h - 3 atropa-tipped darts (quivered)
 k - 34 poisoned darts
Armour
 b - a +0 scale mail
 c - a +0 buckler (worn)
 i - a +0 cloak (worn)
 l - a +0 hat (worn)
 t - a +0 plate armour (worn)
 x - a +0 pair of gloves (worn)
Jewellery
 f - an amulet of the acrobat (around neck)
 s - a ring of protection from cold (left hand)
 y - a ring of protection from fire (right hand)
Wands
 u - a wand of roots (20)
Scrolls
 d - a scroll of identify
 e - a scroll of vulnerability
 j - a scroll of fog
 m - a scroll of poison
 n - a scroll of silence
 o - 3 scrolls of teleportation
 q - a scroll of fear
 w - a scroll of amnesia {unknown}
Potions
 p - 2 potions of magic
 r - a potion of mutation
 v - a potion of curing
 z - a potion of flight
 A - a potion of invisibility
 B - a potion of lignification
 C - a potion of haste
 D - a potion of brilliance {unknown}


   Skills:
 + Level 6.0 Fighting
 + Level 5.7 Long Blades
 + Level 5.2 Throwing
 + Level 8.0 Armour
 + Level 7.3 Shields


You had 8 spell levels left.
You didn't know any spells.
Your spell library contained the following spells:

 Spells                   Type           Power      Damage    Failure   Level
 Ensorcelled Hibernation  Hex/Ice        0%         N/A       100%        2
 Ozocubu's Armour         Ice            0%         N/A       100%        3
 Spider Form              Tmut/Pois      0%         N/A       100%        3
 Vhi's Electric Charge    Tloc/Air       0%         N/A       100%        3
 Anguish                  Hex/Necr       0%         N/A       100%        4
 Arcjolt                  Conj/Air       0%         1d10      100%        5
 Metabolic Englaciation   Hex/Ice        0%         N/A       100%        5
 Simulacrum               Ice/Necr       0%         N/A       100%        6
 Maxwell's Capacitive Co  Air            0%         ∞         100%        8


Dungeon Overview and Level Annotations

Branches:
Dungeon (7/15)             Temple (0/1) D:7

Altars:
Nemelex Xobeh
Qazlal
Ru
Sif Muna
Uskayaw
Vehumet

Annotations:
D:5 2 transporters, pokeman's ghost, novice DEHW
D:6 3 runed translucent doors, Nabski's ghost, novice TeFE


Innate Abilities, Weirdness & Mutations

You are completely covered in rugged brown scales. (AC +3, +7% HP)
Armour fits poorly on your strangely shaped body.
You have a long armoured tail.
You roll when moving toward enemies. (Rampage)
Your long tongue fully drains potion bottles. (2x potion effects)
Your tongue gives you trouble enunciating. (1.5x scroll delay)
You have large cloven feet.
Your flesh is cold resistant. (rC+)
You are dopey. (Int -2)
You passively dampen the noise of your surroundings.


Message History

The wight hits you but does no damage. You block the wight's attack.
The wight barely misses you. The wight hits you but does no damage.
You block the wight's attack. The wight hits you but does no damage.
You hit the wight. Your kick misses the wight.
The wight is severely damaged.
The wight hits you with a +0 dire flail.
The wight hits you but does no damage. The wight hits you with a +3 mace.
You hit the wight. Your kick misses the wight. You tail-slap the wight.
You destroy the wight!
The wight hits you with a +2 flail of freezing!
You feel drained. The wight hits you with a +3 mace.
You hit the wight. You kick the wight.
Your tail-slap misses the wight.
The wight is heavily damaged.
The wight hits you with a +2 flail of freezing.
The wight hits you with a +3 mace.
You feel drained.
You completely miss the wight. You kick the wight, but do no damage.
You tail-slap the wight.
The wight is severely damaged.
The wight hits you with a +2 flail of freezing.
The wight hits you but does no damage.
You slash the wight!
You destroy the wight!
The wight hits you but does no damage.
You feel your dexterity returning.
You hit the wight but do no damage.
Your tail-slap misses the wight.
The wight hits you with a +2 flail of freezing.
* * * LOW HITPOINT WARNING * * *
You feel drained.
* * * LOW HITPOINT WARNING * * *
The wight hits you with a +2 flail of freezing!
* * * LOW HITPOINT WARNING * * *
You feel drained.
* * * LOW HITPOINT WARNING * * *
The wight freezes you.
* * * LOW HITPOINT WARNING * * *
You hit the wight. You kick the wight, but do no damage.
You tail-slap the wight!
The wight is severely damaged.
The wight hits you with a +2 flail of freezing!
You die...

............# #.##..
....##....#.#**** #.####
######....#...,,## #....# ##**
#....#####,.# #..... ..,* #....#
**.####** ###### ..,*
###########..z.,,* #....# ..,*
#......,,,,*#* #..... ..,*
#.##z####....* #.#### ..,*
#....@)...#*,** #....# #***
#...#))...#*,,**#.....
############...#.....#**,,*######
)............#.#.#...# **,,,,,###
)...#####..)..###....#* *****....
....# *#..#...#,..#..#******..##
##### *#....#...).#.....,,,,,,,**
#..#####.>.###*#..,*****,,,
******##.,,,*,....#,,,,,,* *,,,,


You could see a wight.

Vanquished Creatures
  A moth of wrath (D:7)
  A water moccasin (D:7)
  2 black bears (D:7)
  2 ice beasts
  A kobold brigand (D:7)
  4 bullfrogs (D:7)
  3 necrophages (D:5)
  4 scorpions
  6 wights
  5 hounds
  2 jellies (D:5)
  2 orc priests (D:7)
  Crazy Yiuf (D:3)
  Natasha (thrice) (D:4)
  6 iguanas
  3 orc wizards
  3 gnolls (D:5)
  8 adders
  2 ufetubi
  A worm (D:3)
  5 dart slugs
  17 orcs
  3 ball pythons
  10 endoplasms
  3 giant cockroaches
  7 goblins
  7 hobgoblins
  17 jackals
  6 quokkas
  4 bats
  4 frilled lizards (D:1)
  12 kobolds
  4 rats
159 creatures vanquished.

Vanquished Creatures (others)
  The ghost of yourfavgirlally the Summoner, a novice DESu of Gozag (D:7)
  3 bushes (D:7)
4 creatures vanquished.

Grand Total: 163 creatures vanquished

Notes
Turn   | Place    | Note
-------+----------+-------------------------------------------
     0 | D:1      | Pimp the Armataur Fighter began the quest for the Orb.
     0 | D:1      | Reached XP level 1. HP: 19/19 MP: 1/1
   275 | D:1      | Reached XP level 2. HP: 26/26 MP: 2/2
   401 | D:1      | Found a faded altar of an unknown god.
   568 | D:1      | Reached skill level 4 in Armour
   611 | D:1      | Reached XP level 3. HP: 33/33 MP: 3/3
  1580 | D:2      | Reached skill level 1 in Throwing
  1690 | D:3      | Reached XP level 4. HP: 34/40 MP: 4/4
  2385 | D:3      | Found a runed translucent door.
  2388 | D:3      | Noticed Crazy Yiuf
  2653 | D:3      | Killed Crazy Yiuf
  2654 | D:3      | Reached XP level 5. HP: 19/48 MP: 5/5
  2791 | D:4      | Noticed Natasha
  2806 | D:4      | Gained mutation: Your flesh is cold resistant. (rC+)
                  | [potion of mutation]
  2806 | D:4      | Gained mutation: You have large cloven feet. [potion of
                  | mutation]
  2806 | D:4      | Gained mutation: You are dopey. (Int -2) [potion of
                  | mutation]
  2806 | D:4      | Gained mutation: You passively map a small area around you.
                  | [potion of mutation]
  2806 | D:4      | Lost mutation: You passively map a small area around you.
                  | [potion of mutation]
  2806 | D:4      | Gained mutation: You passively dampen the noise of your
                  | surroundings. [potion of mutation]
  2808 | D:4      | Killed Natasha
  3029 | D:4      | Noticed Natasha
  3038 | D:4      | Killed Natasha
  3326 | D:4      | Noticed Natasha
  3331 | D:4      | Killed Natasha
  3778 | D:4      | Reached XP level 6. HP: 50/54 MP: 6/6
  3819 | D:4      | Reached skill level 5 in Armour
  4033 | D:5      | Entered Level 5 of the Dungeon
  4252 | D:5      | Found a sacrificial altar of Ru.
  4339 | D:5      | Reached XP level 7. HP: 59/63 MP: 7/7
  4379 | D:5      | Reached skill level 5 in Shields
  4379 | D:5      | Found a large runed translucent door.
  4379 | D:5      | Found a large runed translucent door.
  4734 | D:5      | Found a stormy altar of Qazlal.
  4831 | D:5      | Reached skill level 6 in Armour
  4913 | D:5      | Found a transporter.
  4917 | D:5      | Found a transporter.
  4917 | D:5      | Noticed pokeman's ghost (novice DEHW)
  4992 | D:5      | Found a radiant altar of Vehumet.
  5004 | D:5      | Found a sparkling altar of Nemelex Xobeh.
  5296 | D:5      | Reached XP level 8. HP: 70/71 MP: 8/8
  5824 | D:6      | Noticed a brown ugly thing
  5824 | D:6      | Noticed Nabski's ghost (novice TeFE)
  5833 | D:6      | Found a runed translucent gate.
  5833 | D:6      | Found a runed translucent gate.
  5833 | D:6      | Found a runed translucent gate.
  5923 | D:6      | Found a hide-covered altar of Uskayaw.
  6047 | D:6      | Found a shimmering blue altar of Sif Muna.
  6385 | D:7      | Reached skill level 5 in Fighting
  6605 | D:7      | Noticed a moth of wrath
  6611 | D:7      | Noticed yourfavgirlally's ghost (novice DESu)
  6622 | D:7      | Found a transporter.
  6635 | D:7      | Found a transporter.
  7092 | D:7      | Reached skill level 7 in Armour
  7332 | D:7      | Reached skill level 5 in Long Blades
  7340 | D:7      | Killed yourfavgirlally's ghost
  7341 | D:7      | Reached XP level 9. HP: 43/79 MP: 9/9
  7344 | D:7      | Killed a moth of wrath
  7347 | D:7      | Reached skill level 5 in Throwing
  7955 | D:7      | Found a staircase to the Ecumenical Temple.
  7971 | D:7      | Reached skill level 8 in Armour
  7978 | D:7      | Slain by a wight

Illustrated notes

Levels and vault maps discovered:
D:1:      dpeg_arrival_chambers_temple_mockup, layout_basic,
          ebering_ecumenical_altar_sacrificial
D:2:      layout_basic, kennysheep_generic_room_16
D:3:      layout_basic, uniq_crazy_yiuf_cottage
D:4:      layout_loops_corners, minmay_misc_feat_ornament, uniq_natasha
D:5:      layout_basic, grunt_qazlal_clouds, jmf_multi_god_temple2,
          mainiacjoe_overflow_paths, gammafunk_ghost_hive
D:6:      layout_basic, led_sif_pool, lemuel_doored_altar, gammafunk_ghost_split
D:7:      minmay_angry_zag, layout_basic, minmay_temple_entry_arrows,
          gammafunk_ghost_berserking_beasts, minmay_hedge_maze

Skill      XL: |  1  2  3  4  5  6  7  8  9 |
---------------+----------------------------+-----
Long Blades    | 2 3 4 5 |  5.7
Armour         | 4 5 6 7 8 |  8.0
Fighting       | 3 4 5 6 |  6.0
Throwing       | 1 2 3 4 5 |  5.2
Shields        | 4 5 6 7 |  7.3

Action                     |  1- 3 |  4- 6 |  7- 9 || total
---------------------------+-------+-------+-------++-------
  Melee: Dagger            |    63 |       |       ||    63
         Long sword        |    48 |   180 |   294 ||   522
         Tailslap          |    15 |    23 |    40 ||    78
         Kick              |       |    25 |    81 ||   106
    Use: Scroll            |       |     7 |     9 ||    16
         Potion            |       |     5 |     5 ||    10
   Stab: Invisible         |       |       |     2 ||     2
 Armour: Scale mail        |    36 |    33 |       ||    69
         Plate armour      |       |    69 |   173 ||   242
  Dodge: Dodged            |    62 |    43 |    82 ||   187
  Block: Buckler           |    18 |    36 |    72 ||   126

Table legend: (Time is in decaauts)
 A = Elapsed time spent in this place.
 B = Non-inter-level travel time spent in this place.
 C = Inter-level travel time spent in this place.
 D = Time resting spent in this place.
 E = Time spent auto-exploring this place.
 F = Levels seen in this place.
 G = Mean time per level.
                   A        B        C        D        E       F      G
               +--------+--------+--------+--------+--------+-----+--------+
         Total |   8104 |   7696 |    408 |   1769 |   4265 |   7 | 1157.7 |
       Dungeon |   8104 |   7696 |    408 |   1769 |   4265 |   7 | 1157.7 |
               +--------+--------+--------+--------+--------+-----+--------+

Top non-repeatable levels by time:
     D:7: 1800 daAuts
     D:5: 1562 daAuts
     D:4: 1264 daAuts
     D:3: 1164 daAuts
     D:2: 896 daAuts
     D:1: 765 daAuts
     D:6: 649 daAuts
